 Dungeon Crawl Stone Soup version 0.30.0-29-ga12c61a403 (webtiles) character file.

Game seed: 13237987041668220353

613 MacCMillion the Caller (level 7, 0/43 HPs)
             Began as a Tengu Summoner on June 9, 2023.
             Slain by a black bear (4 damage)
             ... on level 5 of the Dungeon.
             The game lasted 00:10:27 (4975 turns).

MacCMillion the Caller (Tengu Summoner)             Turns: 4975, Time: 00:10:28

Health: 0/43       AC:  2    Str:  8    XL:     7   Next: 44%
Magic:  1/12       EV: 17    Int: 17    God:
Gold:   325        SH:  0    Dex: 15    Spells: 6/12 levels left

rFire   . . .        g - +0 spear
rCold   . . .        (no shield)
rNeg    . . .        a - +0 robe
rPois   .            (helmet restricted)
rElec   .            (no cloak)
rCorr   .            (no gloves)
SInv    .            (boots unavailable)
Will    .....        (no amulet)
Stlth   ++           (no ring)
HPRegen 0.27/turn    (no ring)
MPRegen 0.13/turn

%: no passive effects
@: flying quickly and evasively, quick
A: beak, talons 3, nimble flight
a: no special abilities


You were on level 5 of the Dungeon.
You visited 1 branch of the dungeon, and saw 5 of its levels.

You collected 325 gold pieces.

Inventory:

Hand Weapons
 g - a +0 spear (weapon)
Armour
 a - a +0 robe (worn)
 u - a +1 ring mail of poison resistance
Jewellery
 h - a ring of positive energy
Wands
 l - a wand of flame (6)
Scrolls
 c - a scroll of fear {unknown}
 d - 7 scrolls of identify {unknown}
 f - 2 scrolls of teleportation {unknown}
 j - a scroll of blinking {unknown}
 n - a scroll of torment {unknown}
 o - 2 scrolls of brand weapon {unknown}
 q - a scroll of enchant weapon {unknown}
 s - a scroll of amnesia {unknown}
Potions
 b - a potion of magic
 e - 4 potions of curing {unknown}
 i - a potion of berserk rage {unknown}
 k - a potion of mutation {unknown}
 m - a potion of cancellation {unknown}
 p - a potion of degeneration {unknown}
 r - 2 potions of attraction {unknown}
 t - a potion of might {unknown}


   Skills:
 + Level 4.0 Fighting
 + Level 5.1 Dodging
 - Level 2.0 Stealth
 - Level 3.0 Spellcasting
 - Level 7.0 Summonings


You had 6 spell levels left.
You knew the following spells:

 Your Spells              Type           Power      Damage    Failure   Level
a - Summon Small Mammal   Summ           100%       N/A       1%          1
b - Call Imp              Summ           52%        N/A       1%          2
c - Call Canine Familiar  Summ           26%        N/A       3%          3

Your spell library contained the following spells:

 Spells                   Type           Power      Damage    Failure   Level
 Summon Guardian Golem    Hex/Summ       14%        N/A       12%         3
 Summon Lightning Spire   Summ/Air       14%        N/A       38%         4
 Metabolic Englaciation   Hex/Ice        1%         N/A       99%         5
 Iron Shot                Conj/Erth      1%         9d1       100%        6
 Shatter                  Erth           1%         3d5*      100%        9


Dungeon Overview and Level Annotations

Branches:
Dungeon (5/15)
 Temple: D:4-7

Altars:
Elyvilon
Ru
Uskayaw
Wu Jian
Yredelemnul

Shops:
D:2 :

Annotations:
D:4 3 runed translucent doors, ebbelito1337's ghost, amateur DENe


Innate Abilities, Weirdness & Mutations

You have a beak for a mouth.
You have claws for feet.
Your magical nature lets you fly swiftly and evasively.


Message History

A tiny devil pulls itself out of the air.
Your hound bites the black bear but does no damage.
The black bear bites your hound. The black bear claws your hound.
The black bear misses your hound.
Your hound bites the black bear.
The black bear bites your hound!
Your hound dies!
Your hound's corpse disappears in a puff of smoke!
You reach to attack!
You hit the black bear.
The black bear is severely wounded.
The black bear goes berserk!
Your cerulean imp barely misses the black bear.
Casting: Call Imp (safe; 1% risk of failure)
Confirm with . or Enter, or press ? or * to list all spells.
Your cerulean imp hits the black bear with a -2 spear.
The black bear bites your cerulean imp!
The black bear completely misses your cerulean imp.
The black bear closely misses your cerulean imp.
The black bear bites your cerulean imp.
Your cerulean imp dies!
Your cerulean imp disappears in a puff of smoke!
The black bear bites your hound! The black bear claws your hound!
Your hound dies!
Your hound's corpse disappears in a puff of smoke!
You hit the black bear but do no damage.
Your peck misses the black bear.
The black bear is severely wounded.
The black bear bites you! The black bear barely misses you.
The black bear claws you. The black bear bites you! The black bear claws you.
The black bear closely misses you. The black bear bites you!
* * * LOW HITPOINT WARNING * * *
The black bear misses you.
The black bear claws you but does no damage.
The black bear barely misses you.
The black bear claws you but does no damage.
The black bear claws you.
* * * LOW HITPOINT WARNING * * *
The black bear attacks as you move away!
The black bear barely misses you. The black bear claws you.
You die...

... ... .... #.# ....
#.# .... #.# . ....
######.####......
######...........#.##.
#.....hr.........# ...
#.###@###..####### #.
#.#.....#.## ###.
#.#.....#.# ###...
#....>....# #.....
##.#.....#).######...#.
#..#.....#.............
#..###.###..######.#...
#...........# #......
#.......## ####......


You could see a black bear (berserk, ally target) and a friendly quokka
(summoned).

Vanquished Creatures
  A scorpion (D:5)
  An iguana (D:5)
  Natasha (D:2)
  2 gnolls (D:2)
  An adder (D:2)
  4 orcs
  3 ball pythons
  An endoplasm (D:2)
  3 hobgoblins (D:4)
  A jackal (D:1)
  2 bats
  4 goblins
24 creatures vanquished.

Vanquished Creatures (collateral kills)
  A scorpion (D:5)
  A bullfrog zombie (D:4)
  A jelly (D:4)
  2 hounds (D:4)
  Natasha (twice) (D:2)
  2 orc wizards
  A scorpion zombie (D:4)
  2 gnolls (D:2)
  2 adders
  A white imp (D:5)
  An ufetubus (D:4)
  A worm (D:2)
  3 dart slugs
  6 orcs
  7 endoplasms
  A giant cockroach (D:3)
  8 goblins
  11 hobgoblins
  5 jackals (D:1)
  5 quokkas
  6 ball pythons
  2 bats (D:2)
  2 frilled lizards (D:1)
  3 kobolds
  3 rats
79 creatures vanquished.

Grand Total: 103 creatures vanquished

Notes
Turn   | Place    | Note
-------+----------+-------------------------------------------
     0 | D:1      | MacCMillion the Tengu Summoner began the quest for the Orb.
     0 | D:1      | Reached XP level 1. HP: 10/10 MP: 4/4
   100 | D:1      | Reached skill level 5 in Summonings
   152 | D:1      | Reached XP level 2. HP: 15/15 MP: 3/6
   155 | D:1      | Learned a level 2 spell: Call Imp
   821 | D:1      | Reached XP level 3. HP: 19/19 MP: 4/7
   825 | D:1      | Learned a level 3 spell: Call Canine Familiar
  1662 | D:2      | Noticed Natasha
  1668 | D:2      | Killed Natasha
  1669 | D:2      | Reached skill level 6 in Summonings
  1669 | D:2      | Reached XP level 4. HP: 17/24 MP: 5/9
  1898 | D:2      | Noticed Natasha
  1903 | D:2      | Killed Natasha
  1993 | D:2      | Found Rodun's Book Emporium.
  2105 | D:2      | Noticed Natasha
  2112 | D:2      | Killed Natasha
  2113 | D:2      | Gained mutation: Your magical nature lets you fly swiftly
                  | and evasively. [Tengu growth]
  2113 | D:2      | Reached XP level 5. HP: 28/28 MP: 4/10
  2255 | D:2      | Reached skill level 7 in Summonings
  2432 | D:2      | Reached skill level 1 in Fighting
  2920 | D:3      | Noticed a +0 spear
  2920 | D:3      | Noticed a +0 dagger
  2920 | D:3      | Noticed a +0 dagger
  2921 | D:3      | Noticed a +0 short sword
  2922 | D:3      | Noticed a +0 falchion
  2922 | D:3      | Noticed a +0 short sword
  2922 | D:3      | Noticed a +0 spear
  2923 | D:3      | Noticed a +0 falchion
  2956 | D:3      | Found a hide-covered altar of Uskayaw.
  3055 | D:3      | Reached XP level 6. HP: 35/35 MP: 4/11
  3137 | D:3      | Found an ornate altar of the Wu Jian Council.
  3138 | D:3      | Found a sacrificial altar of Ru.
  3138 | D:3      | Found a white marble altar of Elyvilon.
  4560 | D:4      | Found a runed translucent gate.
  4561 | D:4      | Found a runed translucent gate.
  4561 | D:4      | Noticed ebbelito1337's ghost (amateur DENe)
  4562 | D:4      | Found a runed translucent gate.
  4564 | D:4      | Found a basalt altar of Yredelemnul.
  4577 | D:4      | Reached XP level 7. HP: 29/41 MP: 8/12
  4671 | D:5      | Entered Level 5 of the Dungeon
  4853 | D:5      | Reached skill level 5 in Dodging
  4915 | D:5      | Got the Octavo of Breccia and Hail
  4975 | D:5      | Slain by a black bear

Illustrated notes

Levels and vault maps discovered:
D:1:      dpeg_arrival_tiny_a, layout_basic, minmay_tree_intersection,
          hangedman_feature_mirror
D:2:      layout_loops_corners, serial_shops, shop, uniq_natasha
D:3:      layout_basic, nicolae_uskayaw_en_pointe,
          chequers_temple_overflow_statue_of_worship, kennysheep_generic_room_16
D:4:      cheibrodos_greedy_goblins, layout_rooms,
          nicolae_yredelemnul_ghost_church
D:5:      layout_rooms, minmay_temple_entry_butterflies, st_stairs_3,
          kennysheep_generic_room_15

Skill      XL: |  1  2  3  4  5  6  7 |
---------------+----------------------+-----
Summonings     | 5 6 7 |  7.0
Spellcasting   | 3 |  3.0
Fighting       | 1 3 4 |  4.0
Dodging        | 3 4 5 |  5.1
Stealth        | |  2.0

Action                     |  1- 3 |  4- 6 |  7- 9 || total
---------------------------+-------+-------+-------++-------
  Melee: Unarmed           |    12 |       |       ||    12
         Kick              |     6 |     9 |       ||    15
         Peck              |     2 |     4 |       ||     6
         Spear             |     5 |    80 |    18 ||   103
         Punch             |       |     2 |       ||     2
   Cast: Summon Small Mamm |    49 |       |     1 ||    50
         Call Imp          |    10 |    13 |     6 ||    29
         Call Canine Famil |     1 |    27 |     7 ||    35
   Stab: Distracted        |       |     4 |     1 ||     5
         Sleeping          |       |     3 |       ||     3
 Armour: Robe              |     5 |     4 |     3 ||    12
  Dodge: Dodged            |    18 |    23 |     6 ||    47
